[Event "*** Biggest EVER Titled Tuesday"]
[Site "Chess.com"]
[Date "2018.04.17"]
[Round "5"]
[White "LawrenceTrent"]
[Black "Vugar_Manafov"]
[Result "1-0"]
[WhiteElo "2512"]
[BlackElo "2307"]
[TimeControl "180+2"]
[EndTime "14:04:23 PDT"]
[Termination "LawrenceTrent won by resignation"]

1. e4 d6 2. d4 g6 3. Nc3 Bg7 4. Bg5 Nc6 5. Nge2 h6 6. Be3 e5 7.
Qd2 Nge7 8. O-O-O f5 9. f3 f4 10. Bf2 O-O 11. dxe5 dxe5 12. Qxd8 Rxd8 13. Rxd8+ Nxd8 14. g3 Ne6 15. Nd5 Nxd5 16. exd5 Ng5 17. Bg2 Be6 18. dxe6 e4 19. Nxf4 exf3 20. Bf1 Ne4 21.
Be3 Rd8 22. Bd3 Nc5 23. Bxc5 1-0

[Event "*** Biggest EVER Titled Tuesday"]
[Site "Chess.com"]
[Date "2018.04.17"]
[Round "5"]
[White "muran29"]
[Black "alturas_pacificas"]
[Result "1-0"]
[WhiteElo "2345"]
[BlackElo "2165"]
[TimeControl "180+2"]
[EndTime "14:04:24 PDT"]
[Termination "muran29 won by resignation"]

1. d4 d5 2. c4 c6 3. cxd5 cxd5 4. Nc3 Nc6 5. Bf4 Nf6 6. e3 e6 7. Nf3 Bd6 8. Bg3 Bxg3 9. hxg3 h6 10. Bd3 Bd7 11.
Rc1 a6 12. a3 Rc8 13. b4 b5 14. Bb1 a5 15. Nxb5 axb4 16. Nd6+ Ke7 17. Nxc8+ Qxc8 18. axb4 Qb7 19. O-O Qxb4 20. Ne5 Rc8 21. Nxd7 Nxd7 22. Qg4 Kf8 23. Qf4 Nf6 24. Bd3 Qb7 25. Qd6+ Kg8 26. Rc2 Ne7 27. Rxc8+ Nxc8 28. Qd8+ 1-0

[Event "*** Biggest EVER Titled Tuesday"]
[Site "Chess.com"]
[Date "2018.04.17"]
[Round "5"]
[White "ChessTrail"]
[Black "savinspm"]
[Result "1-0"]
[WhiteElo "2484"]
[BlackElo "2023"]
[TimeControl "180+2"]
[EndTime "14:04:25 PDT"]
[Termination "ChessTrail won by checkmate"]

1. e4 e5 2. Qh5 Nc6 3. Bc4 Qf6 4. Nc3 Qg6 5. Qxg6 hxg6 6. Nb5 Bd6 7. Nf3 Nf6 8. Ng5 O-O 9. c3 a6 10. Nxd6 cxd6 11.
b4 Ne7 12. d3 b5 13. Bb3 Bb7 14. f4 Rac8 15. Bd2 Nh7 16. fxe5 dxe5 17. O-O Nxg5 18. Bxg5 Nc6 19. a4 Ra8 20. Ra2 d6 21. Raf2 bxa4 22. Bxf7+ Kh7 23. Rf3 Nd8 24. Rh3# 1-0

[Event "*** Biggest EVER Titled Tuesday"]
[Site "Chess.com"]
[Date "2018.04.17"]
[Round "5"]
[White "maximlavrov"]
[Black "Zhuu96"]
[Result "0-1"]
[WhiteElo "2469"]
[BlackElo "2734"]
[TimeControl "180+2"]
[EndTime "14:04:28 PDT"]
[Termination "Zhuu96 won by resignation"]

1. g3 d5 2. Nf3 Nf6 3. Bg2 e6 4.
O-O Be7 5. d3 O-O 6. Nbd2 c5 7.
e4 Nc6 8. exd5 exd5 9. d4 c4 10. c3 Bf5 11. Re1 Re8 12. b3 b5 13. Nf1 Ne4 14. Bb2 b4 15. cxb4 c3 16. Bc1 Nxb4 17. Ne3 Bg6 18. a3 c2 19. Qe2 Nc3 20. Qd2 Nb1 21.
Qxb4 Bxb4 22. axb4 Qb6 23. Bb2 Qxb4 0-1

[Event "*** Biggest EVER Titled Tuesday"]
[Site "Chess.com"]
[Date "2018.04.17"]
[Round "5"]
[White "ChainsOfFantasia"]
[Black "saraswathii"]
[Result "1-0"]
[WhiteElo "2404"]
[BlackElo "2277"]
[TimeControl "180+2"]
[EndTime "14:04:50 PDT"]
[Termination "ChainsOfFantasia won by resignation"]

1. d4 Nf6 2. c4 g6 3. Nf3 Bg7 4. Nc3 d6 5. e4 O-O 6. Be2 Nfd7 7. O-O e5 8. d5 Qe7 9. b4 a5 10. bxa5 Rxa5 11. Nb5 Nc5 12. Bd2 Ra8 13. Qc2 c6 14. Nc3 f5 15. dxc6 bxc6 16. Be3 Nxe4 17. Nxe4 fxe4 18. Nd2 Na6 19. Nxe4 Bf5 20. f3 Rfb8 21.
Rfd1 Nb4 22. Qd2 Rd8 23. Qxb4 1-0

[Event "*** Biggest EVER Titled Tuesday"]
[Site "Chess.com"]
[Date "2018.04.17"]
[Round "5"]
[White "AbdAlAgathos"]
[Black "jk13"]
[Result "0-1"]
[WhiteElo "2325"]
[BlackElo "2534"]
[TimeControl "180+2"]
[EndTime "14:05:14 PDT"]
[Termination "jk13 won by resignation"]

1. e4 e5 2. Nf3 Nc6 3. Bb5 a6 4. Ba4 Nf6 5. O-O b5 6. Bb3 Bc5 7. c3 d6 8. d4 Bb6 9. a4 Rb8 10. axb5 axb5 11. Qd3 Bd7 12. Bg5 h6 13. Bh4 g5 14. Bg3 g4 15. Nh4 exd4 16. Nf5 Ne5 17. Qd2 Nxe4 18. Ng7+ Kf8 19. Qf4 Nxg3 20. fxg3 d3+ 21.
Kh1 Kxg7 22. Nd2 Qg5 23. Qxg5+ hxg5 24. Ne4 Rxh2+ 0-1

[Event "*** Biggest EVER Titled Tuesday"]
[Site "Chess.com"]
[Date "2018.04.17"]
[Round "5"]
[White "PchelkinVK"]
[Black "martinique24"]
[Result "1-0"]
[WhiteElo "2430"]
[BlackElo "2314"]
[TimeControl "180+2"]
[EndTime "14:05:26 PDT"]
[Termination "PchelkinVK won by resignation"]

1. d4 Nf6 2. Nc3 d5 3. Bf4 a6 4. Nf3 e6 5. e3 c5 6. a3 Nc6 7. Be2 Be7 8. O-O O-O 9. h3 b5 10. Ne5 Bb7 11. Bf3 Nxe5 12. Bxe5 Rc8 13. Qe2 Nd7 14. Bh2 Qb6 15. Rfd1 Nf6 16. Be5 a5 17. Qxb5 Rc6 18. Qxb6 Rxb6 19. Na4 Rc6 20. dxc5 Bxc5 21. Nxc5 Rxc5 22. Bd6 Rxc2 23. Bxf8 Kxf8 24. Rdc1 Rxb2 25. Rab1 Rxb1 26. Rxb1 Bc6 27. Rb6 Bd7 28. Ra6 a4 29. Bd1 Ne4 30. Bxa4 Bxa4 31. Rxa4 Ke7 32. Ra7+ Kf6 33.
a4 e5 34. a5 d4 35. exd4 exd4 36. Rd7 1-0

[Event "*** Biggest EVER Titled Tuesday"]
[Site "Chess.com"]
[Date "2018.04.17"]
[Round "5"]
[White "gmtalentoso"]
[Black "Nutflush"]
[Result "0-1"]
[WhiteElo "2147"]
[BlackElo "2051"]
[TimeControl "180+2"]
[EndTime "14:05:35 PDT"]
[Termination "Nutflush won by resignation"]

1. e4 d5 2. exd5 Nf6 3. d4 Bg4 4. Nf3 Qxd5 5. Be2 Nc6 6. Nc3 Qf5 7. a3 O-O-O 8. O-O Bxf3 9. Bxf3 Nxd4 10. Kh1 Nxf3 11. Qxf3 Qxf3 12. gxf3 e6 13. Be3 a6 14. Rg1 g6 15. Rac1 Bg7 16. Kg2 Nd5 17. Nxd5 Rxd5 18.
c4 Rd3 19. Rc2 Rhd8 20. Rgc1 Rb3 21. Rb1 Rdd3 22. h3 Bd4 23. Bxd4 Rxd4 24. Rd1 Rxd1 0-1

[Event "*** Biggest EVER Titled Tuesday"]
[Site "Chess.com"]
[Date "2018.04.17"]
[Round "5"]
[White "rasmussvane"]
[Black "FastChance"]
[Result "1-0"]
[WhiteElo "2622"]
[BlackElo "2678"]
[TimeControl "180+2"]
[EndTime "14:05:40 PDT"]
[Termination "rasmussvane won by checkmate"]

1. Nf3 Nf6 2. c4 c5 3. Nc3 e6 4. g3 b6 5. Bg2 Bb7 6. O-O Be7 7. d4 cxd4 8. Qxd4 d6 9. Bg5 O-O 10. Rfd1 Nbd7 11. Nb5 d5 12. cxd5 Bxd5 13. Nc3 Bb7 14. Rac1 a6 15. Ne5 Bxg2 16. Nxd7 Nxd7 17. Bxe7 Qxe7 18.
Qxd7 Qxd7 19. Rxd7 Bc6 20. Rd6 Rac8 21. Rcd1 Rfe8 22.
a4 a5 23. R1d4 Rc7 24. Rc4 Rec8 25. Nb5 Bxb5 26. Rxc7 Rxc7 27. Rd8+ Be8 28. Rxe8# 1-0

[Event "*** Biggest EVER Titled Tuesday"]
[Site "Chess.com"]
[Date "2018.04.17"]
[Round "5"]
[White "PrinceMurad09"]
[Black "AnonymousBread"]
[Result "0-1"]
[WhiteElo "2343"]
[BlackElo "2403"]
[TimeControl "180+2"]
[EndTime "14:05:43 PDT"]
[Termination "AnonymousBread won by resignation"]

1. e4 e5 2. Nf3 Nc6 3. Bc4 Bc5 4. O-O Nf6 5. c3 Nxe4 6. Bd5 Nf6 7. Bxc6 dxc6 8.
Nxe5 O-O 9. d4 Bd6 10. Nd3 Re8 11. h3 Bf5 12. Qf3 Be4 13. Qd1 Qd7 14. f3 Bf5 15. Bg5 Bxh3 16. Bxf6 gxf6 17. gxh3 Qxh3 18. f4 Kh8 19.
Qf3 Rg8+ 20. Kf2 Qh2+ 21. Ke1 Rae8+ 22. Kd1 Rg3 23. Nd2 Rxf3 24. Nxf3 Qe2+ 25. Kc1 Qxf1+ 0-1

[Event "*** Biggest EVER Titled Tuesday"]
[Site "Chess.com"]
[Date "2018.04.17"]
[Round "5"]
[White "ChessicallyInclined"]
[Black "toad"]
[Result "1-0"]
[WhiteElo "2152"]
[BlackElo "2190"]
[TimeControl "180+2"]
[EndTime "14:06:04 PDT"]
[Termination "ChessicallyInclined won by resignation"]

1. d4 Nf6 2. c4 g6 3. Nc3 d5 4.
Nf3 Bg7 5. Qb3 dxc4 6. Qxc4 O-O 7. e4 a6 8. Be2 b5 9. Qb3 c5 10. dxc5 Bb7 11. Be3 Nxe4 12. Nxe4 Bxe4 13. O-O Nc6 14. Rfd1 Qc7 15. Rac1 Rad8 16. Rxd8 Rxd8 17. a4 bxa4 18. Qxa4 Bxb2 19. Qxe4 Bxc1 20. Bxc1 e5 21. Bg5 Rb8 22. h4 h5 23. Bf6 Re8 24. Bc4 Kh7 25. Ng5+ Kh6 26.
Bxf7 Ne7 27. Bxe7 Qc6 28. Qxc6 1-0

[Event "*** Biggest EVER Titled Tuesday"]
[Site "Chess.com"]
[Date "2018.04.17"]
[Round "5"]
[White "Kazakov_Konstantin"]
[Black "KenanGarayev"]
[Result "0-1"]
[WhiteElo "2467"]
[BlackElo "2568"]
[TimeControl "180+2"]
[EndTime "14:06:19 PDT"]
[Termination "KenanGarayev won by resignation"]

1. e4 c5 2. Nf3 d6 3. d4 cxd4 4. Nxd4 Nf6 5. Nc3 g6 6. Be2 Bg7 7. O-O Nc6 8. Nb3 Be6 9. f4 O-O 10. Be3 Qc8 11. Qd2 Rd8 12. h3 d5 13. e5 Ne4 14.
Nxe4 dxe4 15. Qe1 f6 16. Nc5 fxe5 17. Nxe6 Qxe6 18. Bg4 Qd5 19. f5 Nd4 20. fxg6 hxg6 21. Rf2 Rf8 22. c3 Nf5 23. Bg5 Qc5 24. Qxe4 Qxf2+ 25. Kxf2 Nd6+ 26. Qf3 Ne4+ 27. Ke2 Rxf3 28. Bxf3 Nxg5 29.
Bxb7 Rb8 30. Bd5+ e6 31. Bb3 a5 32. h4 Ne4 33. Bxe6+ Kh7 34. Bb3 Nc5 35. Kd1 a4 36. Bc2 Rxb2 37. h5 e4 38. hxg6+ Kxg6 39. Rb1 Rxb1+ 40.
Bxb1 Bxc3 41. Ke2 Bd4 0-1

[Event "*** Biggest EVER Titled Tuesday"]
[Site "Chess.com"]
[Date "2018.04.17"]
[Round "5"]
[White "ajkom197"]
[Black "MikaelyanArman"]
[Result "0-1"]
[WhiteElo "2393"]
[BlackElo "2588"]
[TimeControl "180+2"]
[EndTime "14:06:19 PDT"]
[Termination "MikaelyanArman won on time"]

1. d4 d5 2. Nf3 Nf6 3. e3 c6 4.
Be2 Bf5 5. O-O Nbd7 6. c4 e6 7. Nc3 Bd6 8. b3 O-O 9. Bb2 Qe7 10.
h3 h6 11. Rc1 Rfe8 12. cxd5 exd5 13. Bd3 Bxd3 14. Qxd3 Ne4 15. Nd2 Ndf6 16. Ncxe4 dxe4 17. Qe2 Nd5 18. Nc4 Bc7 19. Rfd1 Qg5 20. Nd2 Re6 21. Qg4 Qe7 22. Re1 Re8 23. Nc4 Rg6 24. Ba3 Qf6 25.
Qe2 Qh4 26. f3 Qxh3 0-1

[Event "*** Biggest EVER Titled Tuesday"]
[Site "Chess.com"]
[Date "2018.04.17"]
[Round "5"]
[White "josephymwale33"]
[Black "Caterpiller35"]
[Result "1-0"]
[WhiteElo "2151"]
[BlackElo "2217"]
[TimeControl "180+2"]
[EndTime "14:06:19 PDT"]
[Termination "josephymwale33 won by resignation"]

1. d4 Nf6 2. c4 e6 3. Nf3 b6 4. g3 Ba6 5. Nbd2 c5 6. dxc5 Bxc5 7.
e3 O-O 8. a3 Bb7 9. Bg2 d5 10. b4 Be7 11. O-O Nbd7 12. Bb2 Rc8 13. cxd5 Nxd5 14. Nb3 Bf6 15. Nbd4 Nc3 16. Bxc3 Rxc3 17.
Nb5 Rc8 18. Nd6 Bxf3 19. Bxf3 Bxa1 20. Nxc8 Qxc8 21. Qxa1 Qc7 22. Rc1 Qd6 23. Rd1 Qc7 24. Rc1 Qd6 25. Rc6 Qe5 26. Qd1 Qb2 27. Qxd7 Qxa3 28.
Rc8 Qxb4 29. Rxf8+ Qxf8 30. Qxa7 Qc5 31. Qa8+ Qf8 32.
Qxf8+ Kxf8 33. Bc6 Ke7 34. Kg2 Kd6 35. Be8 f6 36.
Kf3 e5 37. Ke4 g6 38. g4 Kc5 39. h4 b5 40. g5 fxg5 41. hxg5 b4 1-0

[Event "*** Biggest EVER Titled Tuesday"]
[Site "Chess.com"]
[Date "2018.04.17"]
[Round "5"]
[White "stalyansky"]
[Black "KRASAVCHIK2002"]
[Result "0-1"]
[WhiteElo "2118"]
[BlackElo "2002"]
[TimeControl "180+2"]
[EndTime "14:06:20 PDT"]
[Termination "KRASAVCHIK2002 won by resignation"]

1. e4 c5 2. Nf3 d6 3. d4 cxd4 4. Nxd4 Nf6 5. Nc3 a6 6. Be2 e5 7. Nb3 Be6 8. a4 Be7 9. O-O O-O 10. f4 Nbd7 11. f5 Bxb3 12. cxb3 Qb6+ 13. Kh1 Nc5 14.
Be3 Qxb3 15. Qxb3 Nxb3 16. Rad1 Rfd8 17. Bb6 Rd7 18. Bc4 Nc5 19. Rfe1 Rc8 20. b3 Nxb3 21.
Bxb3 Rxc3 22. Ba2 Ra3 23. Bb1 Rxa4 24. h3 Rb4 25. Ba5 Rb5 26. Bd2 d5 27. g4 Nxe4 28. Bxe4 dxe4 29. Bg5 Rxd1 30. Rxd1 Bxg5 0-1

[Event "*** Biggest EVER Titled Tuesday"]
[Site "Chess.com"]
[Date "2018.04.17"]
[Round "5"]
[White "omer1997"]
[Black "AndrewDGreen"]
[Result "1-0"]
[WhiteElo "2092"]
[BlackElo "2139"]
[TimeControl "180+2"]
[EndTime "14:06:27 PDT"]
[Termination "omer1997 won by resignation"]

1. e4 c5 2. Nf3 g6 3. d4 cxd4 4. Nxd4 Nc6 5. Nc3 Bg7 6. Be3 Nf6 7. Nxc6 bxc6 8. e5 Nd5 9. Nxd5 cxd5 10. Qxd5 Rb8 11. Bc4 O-O 12. O-O Bb7 13. Qd3 Bxe5 14. Bxa7 Ra8 15. Bd4 Bxd4 16. Qxd4 Qc7 17. Bb3 d6 18.
Rad1 Rfc8 19. Rfe1 Bc6 20. Qf4 e5 21. Qf6 Rd8 22.
Re3 Ba4 23. Bxa4 Rxa4 24. Rxe5 Rxa2 25. Re7 Qc4 26. b3 Qd5 27. Rxd5 Ra1+ 28. Qxa1 1-0

[Event "*** Biggest EVER Titled Tuesday"]
[Site "Chess.com"]
[Date "2018.04.17"]
[Round "5"]
[White "Superfelix"]
[Black "cheese111"]
[Result "0-1"]
[WhiteElo "2343"]
[BlackElo "2410"]
[TimeControl "180+2"]
[EndTime "14:06:27 PDT"]
[Termination "cheese111 won by resignation"]

1. e4 e5 2. Nf3 Nc6 3. d4 exd4 4. Nxd4 Nf6 5. Nc3 Bb4 6. Nxc6 bxc6 7. Bd3 O-O 8. O-O d5 9. exd5 cxd5 10. h3 Re8 11.
Qf3 c6 12. Bf4 Bd6 13. Rfe1 Be6 14. b3 Rb8 15. Na4 Rb4 16. Bxd6 Qxd6 17. Qg3 Qxg3 18. fxg3 Nd7 19. c3 Rbb8 20. g4 Kf8 21. Kf2 c5 22.
Be2 Rec8 23. Rad1 Nb6 24. Nb2 Rd8 25. Bf3 Rbc8 26. a4 Rb8 27. Nd3 c4 28. bxc4 Nxa4 29. Nf4 dxc4 30. Ra1 Bd7 31. Bd5 Nb6 32. Rxa7 Nxd5 33.
Nxd5 Rb2+ 34. Kg3 Bc6 35. Ne3 Re8 36. Rc7 Bxg2 37. Nxg2 Rxg2+ 38. Kxg2 Rxe1 39. Rxc4 Re3 40. h4 g6 41. g5 Kg7 42. Rc7 h6 43. c4 hxg5 44.
hxg5 Re5 0-1

[Event "*** Biggest EVER Titled Tuesday"]
[Site "Chess.com"]
[Date "2018.04.17"]
[Round "5"]
[White "Illingworth"]
[Black "rezacz"]
[Result "1-0"]
[WhiteElo "2724"]
[BlackElo "2434"]
[TimeControl "180+2"]
[EndTime "14:06:29 PDT"]
[Termination "Illingworth won on time"]

1. c4 e5 2. Nc3 Nf6 3. Nf3 d5 4. cxd5 Bd6 5. e4 c6 6. d4 exd4 7. Qxd4 O-O 8. e5 Re8 9. Be2 c5 10. Qf4 Nh5 11. Qe4 Nf6 12. Qc4 Bxe5 13. Nxe5 Rxe5 14.
Bf4 Re8 15. Qxc5 Na6 16. Qd4 Bg4 17. f3 Bd7 18. O-O Rc8 19. Qxa7 Nc5 20. Rfe1 b6 21. Qa3 Ra8 22. Qb4 h6 23. Rad1 1-0

[Event "*** Biggest EVER Titled Tuesday"]
[Site "Chess.com"]
[Date "2018.04.17"]
[Round "5"]
[White "VeraNebolsina"]
[Black "Alex_Molchanov"]
[Result "0-1"]
[WhiteElo "2458"]
[BlackElo "2553"]
[TimeControl "180+2"]
[EndTime "14:06:29 PDT"]
[Termination "Alex_Molchanov won by resignation"]

1. e4 e6 2. d4 d5 3. exd5 exd5 4. Nf3 Nf6 5. Bd3 Be7 6. O-O Bg4 7. c3 Nbd7 8. Nbd2 O-O 9. Qc2 Bd6 10. h3 Bh5 11.
Nh4 Re8 12. Nf5 Bf4 13. Nb3 Bxc1 14. Raxc1 Bg6 15. Nd2 Nh5 16. Nf3 Nf4 17. Rfe1 Qf6 18. Rxe8+ Rxe8 19. g4 Nxh3+ 20. Kh2 Nf4 21. Kg3 Nxd3 22. Qxd3 Re4 23. Qb5 Bxf5 24. gxf5 Qxf5 25. Qxb7 Rg4+ 0-1

[Event "*** Biggest EVER Titled Tuesday"]
[Site "Chess.com"]
[Date "2018.04.17"]
[Round "5"]
[White "mukhin1"]
[Black "champ2005"]
[Result "1-0"]
[WhiteElo "2907"]
[BlackElo "2614"]
[TimeControl "180+2"]
[EndTime "14:06:32 PDT"]
[Termination "mukhin1 won by resignation"]

1. d4 Nf6 2. c4 e6 3. Nf3 d5 4. Bg5 c6 5. Nc3 dxc4 6. a4 h6 7. Bxf6 Qxf6 8. e4 Bb4 9. Bxc4 Qg6 10. O-O Bxc3 11. bxc3 Qxe4 12. Ne5 O-O 13. Bd3 Qd5 14.
c4 Qd8 15. Qe2 Nd7 16. Rfd1 Qe7 17. Bc2 Rd8 18. Rab1 Nf8 19. c5 f6 20. Nc4 Rb8 21.
Rb3 e5 22. Nd6 Be6 23. Rg3 Rxd6 24. cxd6 Qxd6 25. dxe5 Qxe5 26. Re3 Qc5 27. Rxe6 Nxe6 28. Qxe6+ Kh8 29. Qe4 f5 30. Qxf5 Qxf5 31. Bxf5 b5 32. axb5 cxb5 33. Ra1 Rb7 34. Be4 Rc7 35. Kf1 b4 36.
Ra4 Rc4 37. Bd3 Rc3 38. Ke2 1-0

[Event "*** Biggest EVER Titled Tuesday"]
[Site "Chess.com"]
[Date "2018.04.17"]
[Round "5"]
[White "SelfishShellfish"]
[Black "DACF2905"]
[Result "1-0"]
[WhiteElo "2185"]
[BlackElo "2028"]
[TimeControl "180+2"]
[EndTime "14:06:32 PDT"]
[Termination "SelfishShellfish won by resignation"]

1. d4 Nf6 2. c4 e6 3. g3 Bb4+ 4.
Bd2 Qe7 5. Bg2 O-O 6. Nf3 d6 7.
Bxb4 c5 8. Bc3 cxd4 9. Nxd4 e5 10. Nc2 Nc6 11. O-O Be6 12. Ne3 Rac8 13. Nd5 Bxd5 14.
cxd5 Nb8 15. e4 Nbd7 16. Nd2 h6 17. Qe2 b6 18. Nc4 Nc5 19. f3 a5 20. Ne3 g6 21.
Bd2 Kg7 22. Ng4 Nxg4 23. fxg4 g5 24. h4 gxh4 25. gxh4 Qxh4 26. Rf3 Rh8 27. Raf1 Rc7 28. Rh3 Qe7 29. Qe3 h5 30. Rxh5 Rxh5 31. gxh5 Qh4 32. Qh6+ Kg8 33. Rf5 f6 34. Rxf6 Rg7 35. Rg6 Rxg6 36.
Qxg6+ Kf8 37. Qxd6+ Kf7 38. Qg6+ Kf8 39. Qf5+ Ke8 40.
Qxe5+ Kd7 41. Qf5+ Kc7 42. Qf4+ 1-0

[Event "*** Biggest EVER Titled Tuesday"]
[Site "Chess.com"]
[Date "2018.04.17"]
[Round "5"]
[White "nihalsarin"]
[Black "maciek_92"]
[Result "1-0"]
[WhiteElo "2741"]
[BlackElo "2574"]
[TimeControl "180+2"]
[EndTime "14:06:34 PDT"]
[Termination "nihalsarin won by checkmate"]

1. e4 c5 2. Nf3 Nc6 3. d4 cxd4 4. Nxd4 Nf6 5. Nc3 e5 6. Ndb5 d6 7.
Nd5 Nxd5 8. exd5 Nb8 9. c4 a6 10. Nc3 Be7 11. Be2 O-O 12. O-O Nd7 13. Be3 f5 14. f3 Bg5 15. Bf2 Bh6 16. b4 a5 17.
Nb5 Nf6 18. c5 dxc5 19. Bxc5 Rf7 20. Nd6 Rd7 21. Nxf5 b6 22. Nxh6+ gxh6 23. Be3 Nxd5 24. Bxh6 Kh8 25. Qe1 Nxb4 26. Bb5 Rd5 27. Bc4 Rc5 28. Qg3 Qf6 29. Qg8# 1-0

[Event "*** Biggest EVER Titled Tuesday"]
[Site "Chess.com"]
[Date "2018.04.17"]
[Round "5"]
[White "chesssharkattack"]
[Black "talento10"]
[Result "1-0"]
[WhiteElo "2389"]
[BlackElo "2339"]
[TimeControl "180+2"]
[EndTime "14:06:34 PDT"]
[Termination "chesssharkattack won by resignation"]

1. e4 c5 2. Nf3 d6 3. Bb5+ Nd7 4. O-O a6 5. Bxd7+ Bxd7 6. c4 Nf6 7. Nc3 g6 8. d4 cxd4 9. Nxd4 Bg7 10. f3 O-O 11. Be3 Rc8 12. Qe2 Qc7 13. Rac1 Rfe8 14. b3 Qa5 15. a4 b5 16. axb5 axb5 17. Ncxb5 Bxb5 18. Nxb5 Nd7 19. Qd2 Qa8 20. Bd4 Ne5 21. f4 Nc6 22.
Bxg7 Kxg7 23. Qc3+ Kg8 24. f5 g5 25. f6 Ne5 26.
Qg3 h6 27. fxe7 Qxe4 28. Rce1 Qg6 29. Nxd6 Qxd6 30. Rxe5 Qc7 1-0

[Event "*** Biggest EVER Titled Tuesday"]
[Site "Chess.com"]
[Date "2018.04.17"]
[Round "5"]
[White "Grootneus"]
[Black "Triumphmate"]
[Result "0-1"]
[WhiteElo "2093"]
[BlackElo "2169"]
[TimeControl "180+2"]
[EndTime "14:06:45 PDT"]
[Termination "Triumphmate won by resignation"]

1. e4 d5 2. exd5 Nf6 3. Nf3 Bg4 4. Bb5+ c6 5. dxc6 Nxc6 6. h3 Bh5 7. Nc3 e6 8. O-O Bd6 9. d3 h6 10. Ne4 Bc7 11. Ng3 Bxg3 12. Bxc6+ bxc6 13. fxg3 O-O 14. g4 Bg6 15. g5 hxg5 16. Bxg5 Qb6+ 17. Kh2 Nh5 18. g4 Qc7+ 19. Kh1 Ng3+ 20. Kg2 Nxf1 21. Qxf1 f6 22. Bh4 e5 23. Bg3 Qb6 24. Nh4 Bf7 25. Nf5 Bd5+ 26. Kh2 Qxb2 27. Rb1 Qxc2+ 28. Bf2 Rab8 29.
Rc1 Qxa2 30. Ne7+ Kh7 31. Ra1 Qd2 32. Kg1 Rb2 33. Rxa7 Rfb8 34. Nf5 Rb1 35. Rxg7+ Kh8 0-1

[Event "*** Biggest EVER Titled Tuesday"]
[Site "Chess.com"]
[Date "2018.04.17"]
[Round "5"]
[White "Quiet_Desperation"]
[Black "SantoBlue"]
[Result "0-1"]
[WhiteElo "2410"]
[BlackElo "2653"]
[TimeControl "180+2"]
[EndTime "14:06:48 PDT"]
[Termination "SantoBlue won by resignation"]

1. e4 e5 2. Nf3 Nc6 3. Bb5 a6 4.
Ba4 Nf6 5. d3 d6 6. c3 g6 7. h3 Bg7 8. O-O O-O 9. Qe2 Kh8 10.
Rd1 Nh5 11. Be3 Qf6 12. Bg5 Qe6 13. Bb3 Qe8 14. Nbd2 f5 15. exf5 gxf5 16. Nf1 f4 17. Bc2 d5 18. N1h2 Bf5 19. Re1 Qg6 20. Kh1 Rae8 21. Bh4 e4 22. dxe4 dxe4 23. Ng5 Bf6 24. Bd1 f3 25. Qe3 fxg2+ 26. Kg1 h6 0-1

[Event "*** Biggest EVER Titled Tuesday"]
[Site "Chess.com"]
[Date "2018.04.17"]
[Round "5"]
[White "ChessQueen"]
[Black "MrRooke6"]
[Result "1-0"]
[WhiteElo "2617"]
[BlackElo "2407"]
[TimeControl "180+2"]
[EndTime "14:06:48 PDT"]
[Termination "ChessQueen won by resignation"]

1. e4 d5 2. exd5 Nf6 3. Bb5+ Bd7 4. Be2 Nxd5 5. d4 Bf5 6. Nf3 e6 7. O-O Be7 8. c4 Nb6 9. Nc3 O-O 10. Bf4 c5 11. Nb5 Na6 12. dxc5 Bxc5 13. Qc1 Qe7 14.
a3 Qf6 15. b4 Nxb4 16. axb4 Bxb4 17. Be5 Qe7 18. Qb2 f6 19. Bc3 Bxc3 20. Qxc3 a6 21.
Nbd4 Be4 22. Qe3 f5 23. Nd2 e5 24. N4f3 Bxf3 25. Nxf3 Nd7 26. Rab1 e4 27. Rxb7 Qd6 28.
Rd1 Qg6 29. Rdxd7 exf3 30. Qxf3 Rae8 31. Rxg7+ Qxg7 32. Rxg7+ Kxg7 33. h4 Rf7 34. Qg3+ Kh8 35. Bh5 1-0

[Event "*** Biggest EVER Titled Tuesday"]
[Site "Chess.com"]
[Date "2018.04.17"]
[Round "5"]
[White "belisarius64"]
[Black "ViktorMatviishen"]
[Result "0-1"]
[WhiteElo "2496"]
[BlackElo "2524"]
[TimeControl "180+2"]
[EndTime "14:06:52 PDT"]
[Termination "ViktorMatviishen won by resignation"]

1. d4 Nf6 2. c4 e6 3. Nf3 b6 4. g3 Ba6 5. b3 Bb4+ 6. Bd2 Be7 7. Bg2 d5 8. O-O O-O 9. Nc3 c6 10. Ne5 Nfd7 11. cxd5 Nxe5 12. dxe5 cxd5 13. Re1 Nd7 14. f4 Rc8 15. e3 Nc5 16. Bf1 Bxf1 17. Rxf1 f6 18.
exf6 Bxf6 19. Rc1 Qe8 20. Qe2 Qg6 21. Nb5 Ne4 22. Nxa7 Ra8 23. Rc7 Rf7 24. Rc8+ Rxc8 25. Nxc8 Rc7 26. Nxb6 Rc2 27. f5 exf5 28. Rd1 f4 29.
exf4 Bd4+ 30. Kh1 Bxb6 31. Qb5 Nf2+ 32. Kg2 Qe4+ 33. Kf1 Qh1+ 0-1

[Event "*** Biggest EVER Titled Tuesday"]
[Site "Chess.com"]
[Date "2018.04.17"]
[Round "5"]
[White "PawnEatingZombie"]
[Black "sandager"]
[Result "1-0"]
[WhiteElo "2011"]
[BlackElo "1934"]
[TimeControl "180+2"]
[EndTime "14:06:53 PDT"]
[Termination "PawnEatingZombie won by resignation"]

1. d4 Nf6 2. c4 g6 3. Nc3 d5 4. Nf3 Bg7 5. cxd5 Nxd5 6. Bg5 c5 7. Rc1 Nc6 8. Nxd5 Qxd5 9. Rxc5 Qxa2 10. e3 Qxb2 11.
Bc4 Qb4+ 12. Nd2 a6 13. O-O O-O 14. Bd5 Bd7 15. Qc2 e6 16. Bf3 Bxd4 17. Bxc6 Bxc6 18. exd4 Qxd4 19. Qc4 Qd7 20. Ne4 Rac8 21. Nf6+ 1-0

[Event "*** Biggest EVER Titled Tuesday"]
[Site "Chess.com"]
[Date "2018.04.17"]
[Round "5"]
[White "Generalas"]
[Black "BlackBoarder"]
[Result "1-0"]
[WhiteElo "2184"]
[BlackElo "2232"]
[TimeControl "180+2"]
[EndTime "14:06:57 PDT"]
[Termination "Generalas won by resignation"]

1. e4 e6 2. d4 d5 3. exd5 exd5 4. c4 Nf6 5. Nc3 Be6 6. Nf3 Be7 7. Be2 O-O 8. O-O dxc4 9. Ne5 c6 10. f4 c5 11.
f5 Bc8 12. d5 Bd6 13. Nxc4 Re8 14. Nxd6 Qxd6 15. Bf4 Qd8 16. Bb5 Bd7 17. Bc4 a6 18. a4 Qa5 19. Qd3 Qb4 20. b3 Qa5 21. Bd6 Qd8 22. Bxc5 Qc8 23. Bd4 Rd8 24. Qg3 Kh8 25. Qh4 Ng8 26. Ne4 f6 27. Nd6 1-0

[Event "*** Biggest EVER Titled Tuesday"]
[Site "Chess.com"]
[Date "2018.04.17"]
[Round "5"]
[White "SCIM"]
[Black "Daniela_Movileanu"]
[Result "1-0"]
[WhiteElo "2367"]
[BlackElo "2382"]
[TimeControl "180+2"]
[EndTime "14:07:00 PDT"]
[Termination "SCIM won by checkmate"]

1. d4 Nf6 2. c4 g6 3. Nc3 d5 4. Bg5 Bg7 5. Bxf6 exf6 6. Nxd5 f5 7. Nf3 c6 8. Nc3 O-O 9. e3 Re8 10. Be2 f4 11. exf4 Bg4 12. O-O Nd7 13. Ne5 Bxe2 14. Nxe2 Nb6 15. b3 Qf6 16. g3 Rad8 17. Qc2 h5 18. h4 Qe6 19. Rfe1 Qh3 20. Rad1 Nd7 21. Nf3 Nf6 22. Ng5 Qd7 23. Nc3 Ng4 24. d5 Qc7 25. Rxe8+ Rxe8 26. d6 Qb6 27. d7 Rd8 28.
Nce4 c5 29. Rd6 Qc7 30. Nxf7 Kxf7 31. Ng5+ Kg8 32. Qxg6 Rxd7 33. Qe8+ Bf8 34. Rxd7 Qc6 35. Qf7+ Kh8 36. Qh7# 1-0